 Dungeon Crawl Stone Soup version 0.27-a0-1202-ge72e49191c (webtiles) character file.

Game seed: 14551095780998096184

3131 rjrrt the Spear-Bearer (level 9, -1/68 HPs)
             Began as a Demonspawn Berserker on June 2, 2021.
             Was an Elder of Trog.
             Slain by an orc warrior
             ... wielding a +0 trident
              (15 damage)
             ... on level 7 of the Dungeon.
             The game lasted 00:13:37 (7797 turns).

rjrrt the Spear-Bearer (Demonspawn Berserker)       Turns: 7797, Time: 00:13:37

Health: -1/68      AC: 11    Str: 21    XL:     9   Next: 61%
Magic:  9/9        EV: 13    Int:  8    God:    Trog [****..]
Gold:   379        SH:  0    Dex: 19    Spells: 8/8 levels left

rFire    . . .     SeeInvis .   a - +0 trident
rCold    . . .     Faith    .   (no shield)
rNeg     . . .     Spirit   .   i - +3 ring mail
rPois    .         Reflect  .   C - +2 hat
rElec    .         Harm     .   (no cloak)
rCorr    .         Rampage  .   (no gloves)
Will     ++...                  (no boots)
Stlth    +.........             (no amulet)
HPRegen  1.21/turn              v - +6 ring of dexterity
MPRegen  0.11/turn              r - +4 ring of slaying

@: strong-willed, on berserk cooldown, regenerating, slowed, very slow
A: horns 1, powered by death 2, sharp scales 1
a: Renounce Religion, Berserk, Trog's Hand, Brothers in Arms


You were on level 7 of the Dungeon.
You worshipped Trog.
Trog was greatly pleased with you.
You visited 1 branch of the dungeon, and saw 7 of its levels.

You collected 379 gold pieces.

Inventory:

Hand Weapons
 a - a +0 trident (weapon)
 b - a +0 hand axe
 n - a +3 antimagic flail
 x - a +0 halberd
 B - a +3 whip of venom
Missiles
 e - 42 poisoned darts (quivered)
Armour
 i - a +3 ring mail (worn)
 y - a +0 plate armour
 C - a +2 hat (worn)
Jewellery
 j - a ring of positive energy
 k - a ring of fire
 p - a ring of resist corrosion
 r - a +4 ring of slaying (right hand)
 v - a +6 ring of dexterity (left hand)
Wands
 u - a wand of iceblast (9)
Scrolls
 d - 2 scrolls of immolation {unknown}
 f - 3 scrolls of noise {unknown}
 h - 4 scrolls of identify
 l - a scroll of holy word {unknown}
 q - a scroll of amnesia {unknown}
 s - 2 scrolls of enchant armour {unknown}
 t - 4 scrolls of teleportation {unknown}
 w - a scroll of fog {unknown}
 A - a scroll of blinking {unknown}
Potions
 c - 2 potions of curing
 g - a potion of cancellation
 m - 2 potions of might
 o - 3 potions of haste
 z - a potion of heal wounds


   Skills:
 + Level 5.2 Fighting
 * Level 10.6 Polearms
 + Level 4.2 Armour
 + Level 4.2 Dodging


You had 8 spell levels left.
You didn't know any spells.
Your spell library was empty.

Dungeon Overview and Level Annotations

Branches:
Dungeon (7/15)             Temple (0/1) D:5

Altars:
Dithmenos
Hepliaklqana
Nemelex Xobeh
Ru
Uskayaw
Wu Jian

Annotations:
D:7 2 transporters, comborobin's ghost, novice DjTm


Innate Abilities, Weirdness & Mutations

You have a pair of small horns on your head.
You regenerate health from kills.
You are partially covered in razor-sharp scales. (AC +1, Slay +1)


Message History

Your Dodging skill increases to level 4!
You hit the gargoyle but do no damage. You headbutt the gargoyle.
The gargoyle is lightly damaged.
The gargoyle hits you with a +0 flail!
You are too injured to fight recklessly!
Unknown command.
A red film seems to cover your vision as you go berserk!
You feel yourself moving faster!
You feel mighty!
The gargoyle hurls a stone arrow at you.
The stone arrow hits you!
* * * LOW HITPOINT WARNING * * *
You puncture the gargoyle! You headbutt the gargoyle.
The gargoyle is heavily damaged.
You barely miss the gargoyle.
The gargoyle is heavily damaged.
The gargoyle hits you with a +0 flail!
* * * LOW HITPOINT WARNING * * *
You hit the gargoyle.
The gargoyle is severely damaged.
You hit the gargoyle but do no damage.
The gargoyle is severely damaged.
The gargoyle hits you with a +0 flail!
* * * LOW HITPOINT WARNING * * *
You impale the gargoyle!!
You destroy the gargoyle!
Trog accepts your kill.
You see here a +0 flail.
You feel a strong urge to attack something.
You are no longer berserk.
You are exhausted.
You feel yourself slow down.
An orc warrior comes into view. It is wielding a +0 trident.
An orc warrior is nearby!
An orc warrior is nearby!
Unknown command.
The orc warrior shouts!
Your skin crawls.
You feel strong-willed.
The orc warrior hits you from afar with a +0 trident!
You die...

#.# ########## ##.#
#>.......# ...# #.######.#
#..# #.# #.# #..# ########.#
#.# #..# #...o.@..# ##.#
#..########.#.###### #..#
#.).....o....#.##### #.##
..)......)..)......# #.###
#.######....#)####.#####...#
#.# #.####†###.!#.....#.##
#.# #)# #.##.....###....#
#.# #.# #.#..##### ##.#.#
#.# #.# #...##..©.. #..)#


You could see an orc warrior.

Vanquished Creatures
  A gargoyle (D:7)
  Sigmund (D:4)
  A spriggan (D:7)
  Eustachio (D:4)
  Edmund (D:4)
  4 water moccasins
  3 orc warriors
  An ice beast (D:6)
  2 ogres
  A phantom (D:6)
  A bullfrog (D:7)
  2 scorpions
  4 killer bees (D:7)
  2 centaur zombies
  4 hounds
  6 orc priests
  A jelly (D:5)
  2 gnoll shamans
  A bullfrog skeleton (D:6)
  3 iguanas
  3 orc wizards
  5 adders
  10 gnolls
  An adder skeleton (D:4)
  4 worms (D:2)
  3 dart slugs
  11 orcs
  7 endoplasms
  4 giant cockroaches
  9 goblins
  11 hobgoblins
  4 jackals
  7 kobolds
  5 quokkas
  9 ball pythons
  2 bats
  4 rats
141 creatures vanquished.

Vanquished Creatures (others)
  3 plants (D:4)
3 creatures vanquished.

Grand Total: 144 creatures vanquished

Notes
Turn   | Place    | Note
-------+----------+-------------------------------------------
     0 | D:1      | rjrrt the Demonspawn Berserker began the quest for the Orb.
     0 | D:1      | Reached XP level 1. HP: 18/18 MP: 1/1
    44 | D:1      | Reached skill level 3 in Polearms
   276 | D:1      | Gained mutation: You are partially covered in razor-sharp
                  | scales. (AC +1, Slay +1) [demonic ancestry]
   276 | D:1      | Reached XP level 2. HP: 24/24 MP: 2/2
   381 | D:1      | Found a faded altar of an unknown god.
  1041 | D:2      | Reached XP level 3. HP: 27/29 MP: 3/3
  1199 | D:2      | Reached skill level 4 in Polearms
  1258 | D:2      | Reached ** piety under Trog
  1438 | D:2      | Gained mutation: You have a pair of small horns on your
                  | head. [demonic ancestry]
  1438 | D:2      | Reached XP level 4. HP: 32/35 MP: 4/4
  2138 | D:3      | Noticed an ogre
  2152 | D:3      | Killed an ogre
  2153 | D:3      | Reached skill level 5 in Polearms
  2153 | D:3      | Gained mutation: You regenerate a little health from kills.
                  | [demonic ancestry]
  2153 | D:3      | Reached XP level 5. HP: 41/41 MP: 5/5
  2692 | D:3      | Found a hazy altar of Hepliaklqana.
  2696 | D:3      | Found a shadowy altar of Dithmenos.
  2696 | D:3      | Noticed a shadow
  2978 | D:4      | Reached skill level 6 in Polearms
  2978 | D:4      | Gained mutation: You regenerate health from kills. [demonic
                  | ancestry]
  2978 | D:4      | Reached XP level 6. HP: 47/47 MP: 6/6
  3068 | D:4      | Noticed Eustachio
  3280 | D:4      | Killed Eustachio
  3281 | D:4      | Reached skill level 7 in Polearms
  3572 | D:4      | Found a sacrificial altar of Ru.
  3748 | D:4      | Reached *** piety under Trog
  3749 | D:4      | Reached XP level 7. HP: 52/52 MP: 7/7
  3788 | D:4      | Noticed Edmund
  3795 | D:4      | Killed Edmund
  3796 | D:4      | Reached skill level 8 in Polearms
  3813 | D:4      | Noticed Sigmund
  3882 | D:4      | Killed Sigmund
  4192 | D:4      | Found an ornate altar of the Wu Jian Council.
  4530 | D:5      | Entered Level 5 of the Dungeon
  4634 | D:5      | Reached skill level 9 in Polearms
  4634 | D:5      | Reached XP level 8. HP: 58/58 MP: 8/8
  5377 | D:5      | Found a staircase to the Ecumenical Temple.
  6678 | D:6      | Found a sparkling altar of Nemelex Xobeh.
  6970 | D:6      | Reached skill level 10 in Polearms
  6970 | D:6      | Reached XP level 9. HP: 65/65 MP: 9/9
  7048 | D:6      | Found a hide-covered altar of Uskayaw.
  7248 | D:7      | Reached **** piety under Trog
  7595 | D:7      | Noticed a moth of wrath
  7615 | D:7      | Found a transporter.
  7619 | D:7      | Noticed comborobin's ghost (novice DjTm)
  7635 | D:7      | Found a transporter.
  7687 | D:7      | Reached skill level 5 in Fighting
  7760 | D:7      | Noticed a gargoyle
  7781 | D:7      | Killed a gargoyle
  7797 | D:7      | Slain by an orc warrior

Illustrated notes

Levels and vault maps discovered:
D:1:      roderic_octagonal_star, layout_basic,
          shapermc_ecumenical_altar_mp_ritualfount
D:2:      layout_basic, minmay_tromino_v7
D:3:      layout_basic, riverfiend_overflow_shadow_ancestor
D:4:      layout_loops_cross, nicolae_ru_the_path_less_chosen,
          amcnicky_altar_gilded, minmay_tree_intersection,
          corexii_hall_statues_x, sigmund_edmund_badplayer, uniq_eustachio
D:5:      layout_layer_cave, minmay_temple_entry_butterflies
D:6:      layout_loops_cross, kennysheep_little_box,
          lemuel_coloured_pillars_altar
D:7:      layout_loops_ring, tso_metal_star, gammafunk_ghost_berserking_beasts,
          the_hattery

Skill      XL: |  1  2  3  4  5  6  7  8  9 |
---------------+----------------------------+-----
Polearms       | 3 4 5 6 7 9 10 | 10.6
Armour         | 3 4 |  4.2
Dodging        | 3 4 |  4.2
Fighting       | 4 5 |  5.2

Action                   |  1- 3 |  4- 6 |  7- 9 || total
-------------------------+-------+-------+-------++-------
Melee: Spear             |    95 |       |       ||    95
       Trident           |    33 |   137 |   239 ||   409
       Headbutt          |       |    17 |    39 ||    56
Throw: Dart              |     5 |       |     2 ||     7
Invok: Berserk           |     2 |     6 |    10 ||    18
       Trog's Hand       |       |       |     1 ||     1
  Use: Potion            |       |     3 |       ||     3
       Scroll            |       |       |     5 ||     5
Armor: Animal skin       |     1 |       |       ||     1
       Chain mail        |    19 |       |       ||    19
       Scale mail        |     3 |       |       ||     3
       Ring mail         |       |    63 |    65 ||   128
       Skin              |       |    12 |       ||    12
Dodge: Dodged            |    33 |    84 |    79 ||   196

Table legend: (Time is in decaauts)
 A = Elapsed time spent in this place.
 B = Non-inter-level travel time spent in this place.
 C = Inter-level travel time spent in this place.
 D = Time resting spent in this place.
 E = Time spent auto-exploring this place.
 F = Levels seen in this place.
 G = Mean time per level.
                   A        B        C        D        E       F      G
               +--------+--------+--------+--------+--------+-----+--------+
         Total |   7909 |   7728 |    181 |    998 |   5343 |   7 | 1129.9 |
       Dungeon |   7909 |   7728 |    181 |    998 |   5343 |   7 | 1129.9 |
               +--------+--------+--------+--------+--------+-----+--------+

Top non-repeatable levels by time:
     D:5: 1443 daAuts
     D:3: 1302 daAuts
     D:6: 1285 daAuts
     D:4: 1280 daAuts
     D:2: 1045 daAuts
     D:1: 984 daAuts
     D:7: 567 daAuts
